 Dungeon Crawl Stone Soup version 0.20.1-1-g8b1a95d (webtiles) character file.

5056 Monsterracer the Martial Artist (level 10, -8/78 HPs)
             Began as an Octopode Transmuter on Oct 18, 2017.
             Was an Initiate of Gozag.
             Mangled by Monsterracer's ghost (17 damage)
             ... on level 9 of the Dungeon.
             The game lasted 00:29:55 (12380 turns).

Monsterracer the Martial Artist (OpTm)             Turns: 12380, Time: 00:29:57

Health: -8/78      AC:  6    Str:  9    XL:     10   Next: 56%
Magic:  23/25      EV: 12    Int: 19    God:    Gozag
Gold:   695        SH:  0    Dex: 13    Spells: 4/18 levels left

rFire    . . .     SeeInvis +     - Unarmed
rCold    + + +     Gourm    .   (shield currently unavailable)
rNeg     . . .     Faith    .   (helmet currently unavailable)
rPois    +         Spirit   .   n - amulet of magic regeneration
rElec    .         Reflect  .   i - ring of see invisible
rCorr    .         Harm     .   s - ring of protection from fire
MR       .....                  x - ring of loudness (curse)
Stlth    +.........             A - ring of magical power
Regen    0.3/turn               o - ring of stealth
MPRegen  0.3/turn               (no ring)
                                (no ring)
                                (no ring)

@: lethally poisoned (-8 -> -12), about to teleport, ice-form, slowed, very slow
A: almost no armour, stealthy swim, amphibious, 8 rings, (constrict 8)
a: End Transformation, Potion Petition, Call Merchant, Bribe Branch, Renounce
Religion


You were on level 9 of the Dungeon.
You worshipped Gozag.
Gozag was pleased with you.
You were very full.
You were a creature of crystalline ice.
You visited 2 branches of the dungeon, and saw 10 of its levels.

You collected 817 gold pieces.
You paid 122 gold pieces to Gozag.

Inventory:

Missiles
 a - 159 arrows
Armour
 v - a +0 buckler
Jewellery
 i - a ring of see invisible (left front paw)
 n - an amulet of magic regeneration (around neck)
 o - a ring of stealth (on tentacle)
 s - a ring of protection from fire (right front paw)
 x - a cursed ring of loudness (on tentacle)
 A - a ring of magical power (on tentacle)
Wands
 k - a wand of confusion (18/48)
 p - a wand of flame (22/48)
 t - a wand of iceblast (14/15)
 w - a wand of enslavement (10/24)
 D - a wand of paralysis (10/24)
Scrolls
 g - 3 scrolls of remove curse
 h - 2 scrolls of enchant armour
 y - a scroll of blinking
Potions
 d - 2 potions of curing
 e - 4 potions of lignification
 f - a potion of mutation
 j - 3 potions of haste
 l - a potion of flight
 m - a potion of cancellation
 q - a potion of heal wounds
 u - a potion of agility
 z - a potion of resistance {unknown}
Comestibles
 c - 8 bread rations
 r - 6 royal jellies
 B - a fruit
 C - 3 meat rations


   Skills:
 + Level 4.4 Fighting
 + Level 5.0 Dodging
 * Level 9.7 Unarmed Combat
 + Level 4.6 Spellcasting
 + Level 8.6 Transmutations
 - Level 3.0 Ice Magic
 - Level 2.8 Poison Magic


You had 4 spell levels left.
You knew the following spells:

 Your Spells              Type           Power        Failure   Level  Hunger
a - Ice Form              Ice/Tmut       ####....     12%         4    ####...
b - Sticks to Snakes      Tmut           #####...     1%          2    #......
c - Spider Form           Tmut/Pois      ####......   3%          3    ###....
d - Blade Hands           Tmut           #####.....   11%         5    ######.


Dungeon Overview and Level Annotations

Branches:
Dungeon (9/15)             Temple (1/1) D:7
   Lair: D:8-11         Orc: D:9-12

Altars:
Ashenzari
Cheibriados
Dithmenos
Elyvilon
Fedhas
Gozag
Hepliaklqana
Kikubaaqudgha
Makhleb
Nemelex Xobeh
Okawaru
Qazlal
Ru
Sif Muna
Trog
Uskayaw
Vehumet
Xom
Yredelemnul
Zin
The Shining One

Shops:
D:6 [   D:9 %

Annotations:
D:3 raikaria's ghost, amateur GrEE
D:5 othur's ghost, amateur HuSu
D:6 2 runed doors
D:9 Monsterracer's ghost, novice DDFi


Innate Abilities, Weirdness & Mutations

You cannot wear most types of armour.
You are very stealthy in the water. (Stealth+)
You are amphibious.
You can wear up to eight rings at the same time.
((You can use your tentacles to constrict eight enemies at once.))
((Your skin changes colour to match your surroundings (Stealth+).))
((Your rubbery body absorbs attacks. (AC +1, EV +1)))


Message History

Your ball python bites the two-headed ogre but does no damage.
Your adder completely misses the two-headed ogre.
Your adder bites the two-headed ogre.
Your ball python bites the two-headed ogre.
Your ball python bites the two-headed ogre but does no damage.
The two-headed ogre barely misses your adder.
The two-headed ogre closely misses your adder.
Your adder bites the two-headed ogre.
The two-headed ogre is poisoned.
Your adder poisons the two-headed ogre!
Your adder bites the two-headed ogre.
The two-headed ogre looks even sicker.
Your adder poisons the two-headed ogre!
Your adder bites the two-headed ogre.
Your ball python bites the two-headed ogre but does no damage. x2
Your adder bites the two-headed ogre. x2
The two-headed ogre looks as sick as possible!
Your adder poisons the two-headed ogre!
Your adder bites the two-headed ogre.
Your ball python bites the two-headed ogre.
The two-headed ogre closely misses your adder.
The two-headed ogre hits your adder with a giant club!
Your adder dies!
Your ball python bites the two-headed ogre.
Your adder bites the two-headed ogre. x2
Your ball python barely misses the two-headed ogre.
Your ball python bites the two-headed ogre.
Your adder bites the two-headed ogre but does no damage.
Your adder bites the two-headed ogre.
The two-headed ogre hits your ball python with a giant spiked club!
Your ball python dies!
The two-headed ogre shouts in stereo!
The two-headed ogre dies!
Your Dodging skill increases to level 5!
Your adder looks stronger.
You start resting.
Your adder withers and dies!
Your ball python withers and dies!
Magic restored.
You start resting.
Your adder withers and dies!
Your transformation is almost over.
Unknown command.
You start resting.
You warm up again.
Damage: -5%(-3hp) hp: 37%(24hp)
You start resting.
HP restored.
You now have 666 gold pieces (gained 16).
Things that are here:
a giant spiked club; a giant club You now have 679 gold pieces (gained 13).
Found a stone staircase leading down.
e - 4 potions of lignification (gained 1)
There is an open door here.
A worker ant zombie comes into view.
There is an open door here.
Found a stone staircase leading up.
The worker ant zombie barely misses you.
You bludgeon the worker ant zombie! You grab the worker ant zombie.
The worker ant zombie is heavily damaged.
You constrict the worker ant zombie. The worker ant zombie bites you.
Damage: -1%(-1hp) hp: 99%(64hp)
You barely miss the worker ant zombie.
You tentacle-slap the worker ant zombie!
The worker ant zombie is almost destroyed.
You constrict the worker ant zombie.
The worker ant zombie closely misses you.
You tentacle-slap the worker ant zombie.
You destroy the worker ant zombie!
You now have 685 gold pieces (gained 6).
You now have 695 gold pieces (gained 10).
z - a bubbling silvery potion Monsterracer's ghost (novice Deep Dwarf Fighter) comes into view.
Monsterracer's ghost moves out of view.
Okay, then.
A hornet comes into view.
Monsterracer's ghost turns its malevolent gaze towards you.
Press: ? - help, v - describe, . - travel The floor.
Casting: Sticks to Snakes
Confirm with . or Enter, or press ? or * to list all spells.
You turn into a creature of crystalline ice.
The hornet stings you!
Huge Dmg: -21%(-17hp) hp: 79%(61hp)
You hit the hornet but do no damage. The hornet stings you!
You feel yourself slow down.
Huge Dmg: -21%(-16hp) hp: 58%(45hp)
As you read the scroll of teleportation, it crumbles to dust.
You feel strangely unstable. The hornet closely misses you.
Monsterracer's ghost grins evilly.
The hornet stings you!
* * * LOW HITPOINT WARNING * * *
Huge Dmg: -16%(-13hp) hp: 42%(32hp)
The hornet stings you!
* * * LOW HITPOINT WARNING * * *
You are poisoned.
You feel as though you will be slow longer.
Huge Dmg: -13%(-10hp) hp: 29%(22hp)
You feel sick. The hornet stings you!
* * * LOW HITPOINT WARNING * * *
Monsterracer's ghost hits you!
You die...
Your body crumbles into a pile of gold.

######### #######
#.......#
........##.......#
#....<...##.......#
+........#........#
#.................#
#.........#.Y.....#
#.........#Wy.....#
#.........#.......#
#.........#.......#
#...>....##.......#
####'########.#####
#...# #.#
#####'#### #.##
#........# #..#


You could see a hornet and Monsterracer's ghost.

Vanquished Creatures
  A hydra (D:8)
  A two-headed ogre (D:8)
  2 dream sheep (D:8)
  Sigmund (D:3)
  2 yaks (D:8)
  A hungry ghost (D:8)
  An orc warrior (D:8)
  A black bear (D:6)
  A sky beast (D:5)
  A phantom (D:9)
  A necrophage (D:8)
  3 ogres
  3 centaurs
  3 big kobolds (D:8)
  A scorpion (D:6)
  A water moccasin skeleton (D:5)
  2 howler monkeys
  2 crimson imps
  3 jellies
  5 orc wizards
  3 orc priests
  A bullfrog skeleton (D:4)
  8 hounds
  Jessica (D:2)
  2 iguanas
  4 worker ants
  A killer bee zombie (D:7)
  2 worker ant zombies (D:9)
  12 adders
  A shadow imp (D:5)
  2 oozes
  An adder zombie (D:5)
  An adder skeleton (D:4)
  4 worms
  3 dart slugs
  6 leopard geckos
  35 orcs
  7 giant cockroaches
  9 goblins
  5 hobgoblins
  A ball python (D:8)
  9 bats
  5 frilled lizards
  A giant cockroach zombie (D:6)
  A jackal skeleton (D:6)
  4 kobolds
  A leopard gecko skeleton (D:5)
  6 rats
172 creatures vanquished.

Vanquished Creatures (collateral kills)
  A two-headed ogre (D:9)
1 creature vanquished.

Vanquished Creatures (others)
  A fungus (D:3)
1 creature vanquished.

Grand Total: 174 creatures vanquished

Notes
Turn   | Place    | Note
-------+----------+-------------------------------------------
     0 | D:1      | Monsterracer the Octopode Transmuter began the quest for the Orb.
     0 | D:1      | Reached XP level 1. HP: 13/13 MP: 3/3
   350 | D:1      | Reached XP level 2. HP: 12/18 MP: 5/5
   354 | D:1      | Learned a level 2 spell: Sticks to Snakes
   851 | D:1      | Reached XP level 3. HP: 19/23 MP: 6/6
   856 | D:1      | Learned a level 3 spell: Spider Form
  1039 | D:2      | HP: 11/23 [leopard gecko (4)]
  1555 | D:2      | Found a faded altar of an unknown god.
  1607 | D:2      | Became a worshipper of the Shining One
  1607 | D:2      | Reached * piety under the Shining One
  1646 | D:2      | Reached skill level 4 in Unarmed Combat
  1717 | D:2      | Noticed Jessica
  1722 | D:2      | Killed Jessica
  1722 | D:2      | Reached skill level 1 in Poison Magic
  1722 | D:2      | Reached XP level 4. HP: 22/28 MP: 4/7
  2535 | D:3      | Reached XP level 5. HP: 33/33 MP: 4/8
  2696 | D:3      | Noticed Sigmund
  2705 | D:3      | Killed Sigmund
  2705 | D:3      | Reached XP level 6. HP: 21/38 MP: 5/9
  3077 | D:3      | Noticed raikaria's ghost (amateur GrEE)
  3096 | D:3      | HP: 19/38 [raikaria's ghost/blast of sand (12)]
  3098 | D:3      | HP: 9/38 [raikaria's ghost (3)]
  3572 | D:4      | Reached skill level 5 in Unarmed Combat
  4302 | D:4      | Reached skill level 5 in Transmutations
  4302 | D:4      | Reached XP level 7. HP: 38/43 MP: 10/10
  4308 | D:4      | Learned a level 4 spell: Ice Form
  4817 | D:5      | Entered Level 5 of the Dungeon
  5048 | D:5      | Noticed othur's ghost (amateur HuSu)
  5274 | D:5      | Reached ** piety under the Shining One
  5346 | D:5      | Reached skill level 1 in Ice Magic
  5455 | D:5      | Reached skill level 6 in Unarmed Combat
  5932 | D:5      | Reached XP level 8. HP: 29/48 MP: 11/11
  6398 | D:6      | Found Mobotog's Armour Shop.
  6426 | D:6      | Noticed a six-headed hydra
  6798 | D:6      | Found a shimmering altar of Xom.
  6897 | D:6      | HP: 24/48 [black bear (1)]
  7307 | D:6      | Reached skill level 7 in Unarmed Combat
  7529 | D:6      | Found a runed door.
  7629 | D:6      | Found a runed door.
  7679 | D:6      | HP: 24/48 [poisoned by a scorpion]
  7685 | D:6      | HP: 22/48 [poisoned by a scorpion]
  7691 | D:6      | HP: 21/48 [poisoned by a scorpion]
  7699 | D:6      | HP: 21/48 [poisoned by a scorpion]
  8546 | D:7      | Found a staircase to the Ecumenical Temple.
  8582 | Temple   | Entered the Ecumenical Temple
  8684 | Temple   | Fell from the grace of the Shining One
  8684 | Temple   | Became a worshipper of Gozag Ym Sagoz the Greedy
  9020 | D:7      | HP: 24/48 [poisoned by a worker ant]
  9260 | D:7      | Reached XP level 9. HP: 41/53 MP: 12/12
  9272 | D:7      | HP: 23/53 [orc wizard/magic dart (6)]
  9815 | D:8      | HP: 32/64 [orc warrior/dire flail (1)]
  9819 | D:8      | HP: 14/64 [orc warrior/dire flail (3)]
 10103 | D:8      | Noticed a two-headed ogre
 10111 | D:8      | HP: 25/64 [two-headed ogre/giant club (23)]
 10112 | D:8      | Killed a two-headed ogre
 10112 | D:8      | Reached skill level 8 in Unarmed Combat
 10559 | D:8      | Reached skill level 9 in Unarmed Combat
 10559 | D:8      | Reached XP level 10. HP: 39/63 MP: 15/15
 10560 | D:8      | HP: 35/75 [dream sheep (4)]
 10754 | D:8      | Noticed a three-headed hydra
 10765 | D:8      | Killed a three-headed hydra
 10975 | D:8      | HP: 18/63 [ogre/giant spiked club (17)]
 11089 | D:7      | HP: 31/63 [centaur/rapier (5)]
 11651 | D:8      | Learned a level 5 spell: Blade Hands
 12016 | D:9      | Found Veacvuh's Food Emporium.
 12055 | D:9      | Noticed a two-headed ogre
 12063 | D:9      | HP: 36/76 [two-headed ogre/giant spiked club (22)]
 12063 | D:9      | HP: 15/76 [two-headed ogre/giant spiked club (21)]
 12068 | D:9      | Killed a two-headed ogre
 12068 | D:9      | Reached skill level 5 in Dodging
 12366 | D:9      | Noticed Monsterracer's ghost (novice DDFi)
 12378 | D:9      | HP: 32/78 [hornet (14)]
 12380 | D:9      | HP: 9/78 [hornet (11)]
 12380 | D:9      | Mangled by Monsterracer's ghost

Skill      XL: |  1  2  3  4  5  6  7  8  9 10 |
---------------+-------------------------------+-----
Transmutations | 3 4 5 6 7 8 |  8.6
Unarmed Combat | 4 5 6 7 9 |  9.7
Poison Magic   | 1 2 |  2.8
Ice Magic      | 1 3 |  3.0
Fighting       | 3 4 |  4.4
Dodging        | 4 5 |  5.0
Spellcasting   | 3 4 |  4.6

Action                   |  1- 3 |  4- 6 |  7- 9 | 10-12 || total
-------------------------+-------+-------+-------+-------++-------
Melee: Unarmed           |    87 |   108 |   309 |    70 ||   574
       Constrict         |    15 |    22 |    45 |     7 ||    89
       Tentacles         |     8 |    15 |    34 |     5 ||    62
       Kick              |     4 |     1 |       |       ||     5
       Punch             |     1 |     3 |    11 |     5 ||    20
 Cast: Beastly Appendage |     6 |     1 |     1 |       ||     8
       Spider Form       |     1 |     3 |     8 |     1 ||    13
       Sticks to Snakes  |       |     1 |     2 |     3 ||     6
       Ice Form          |       |       |     4 |     4 ||     8
  Use: Scroll            |       |    10 |     8 |     4 ||    22
 Stab: Sleeping          |     3 |       |     1 |       ||     4
  Eat: Chunk             |     2 |     9 |    15 |       ||    26
       Fruit             |       |       |     3 |    11 ||    14
       Meat ration       |       |       |     1 |       ||     1
       Bread ration      |       |       |     1 |       ||     1
Armor: Skin              |    11 |     5 |    25 |     3 ||    44
Dodge: Dodged            |    68 |    57 |   221 |    35 ||   381

Vault maps used:
D:1:      sevenhm_arrival_forest_fort_large_4
D:2:      chequers_ecumenical_altar_lobes, uniq_jessica
D:3:      first_bread, nicolae_ru_the_path_less_chosen, uniq_sigmund
D:5:      grunt_decor_one_mirror
D:6:      lemuel_insect_pit, serial_shops, nicolae_shop_window_shopping,
          xom_teletrap_fun
D:7:      minmay_temple_entry_trees
D:8:      hangedman_ranch
D:9:      serial_shops, kennysheep_mini_moat, tgw_sif
Temple:   dpeg_three_leaves_temple
